 Dungeon Crawl Stone Soup version 0.27.0 (webtiles) character file.

Game seed: 8371212664434876335

5 mainiacjoe the Cudgeller (level 1, 0/18 HPs)
             Began as a Minotaur Gladiator on July 31, 2021.
             Slain by a ball python (1 damage)
             ... on level 1 of the Dungeon.
             The game lasted 00:00:46 (296 turns).

mainiacjoe the Cudgeller (Minotaur Gladiator)        Turns: 296, Time: 00:00:47

Health: 0/18       AC:  3    Str: 18    XL:     1   Next: 66%
Magic:  0/0        EV:  9    Int:  5    God:
Gold:   0          SH:  0    Dex: 11    Spells: 0/0 levels left

rFire    . . .     SeeInvis .   a - +0 flail
rCold    . . .     Faith    .   (no shield)
rNeg     . . .     Spirit   .   b - +0 leather armour
rPois    .         Reflect  .   c - +0 hat
rElec    .         Harm     .   (no cloak)
rCorr    .         Rampage  .   (no gloves)
Will     .....                  (no boots)
Stlth    +.........             (no amulet)
HPRegen  0.06/turn              (no ring)
MPRegen  0.07/turn              (no ring)

@: constricted
A: horns 2, retaliatory headbutt
a: no special abilities


You were on level 1 of the Dungeon.
You visited 1 branch of the dungeon, and saw 3 of its levels.

Inventory:

Hand Weapons
 a - a +0 flail (weapon)
Missiles
 d - 3 throwing nets {=F}
Armour
 b - a +0 leather armour (worn)
 c - a +0 hat (worn)


   Skills:
 - Level 2.4 Fighting
 * Level 4.1 Maces & Flails
 - Level 2.0 Throwing
 - Level 3.2 Dodging


You couldn't memorise any spells.
You didn't know any spells.
Your spell library was empty.

Dungeon Overview and Level Annotations

Branches:
Dungeon (3/15)

Altars:


Innate Abilities, Weirdness & Mutations

You have a pair of horns on your head.
You reflexively headbutt those who attack you in melee.


Message History

Things that are here:
a +0 leather armour; a rat corpse You start resting.
A rat comes into view.
A rat is nearby!
You thump the rat!
You kill the rat!
You see here a rat corpse.
You start resting.
HP restored.
There is a stone staircase leading down here.
You climb downwards.
The orc hits you with a +0 flail. The ball python barely misses you.
The ball python closely misses you. The orc barely misses you.
The orc closely misses you. The orc hits you with a +0 flail.
The ball python barely misses you. x2
There is a stone staircase leading up here.
The orc hits you with a +0 dagger. The orc hits you but does no damage.
The orc throws a boomerang.
The boomerang barely misses you. The orc closely misses you.
The ball python closely misses you. x2
You climb upwards.
There is a stone staircase leading down here.
The orc closely misses you. The orc barely misses you.
The orc hits you with a +0 flail.
* * * LOW HITPOINT WARNING * * *
The orc closely misses you. The ball python closely misses you. x2
There is a stone staircase leading up here.
The ball python bites you.
* * * LOW HITPOINT WARNING * * *
The ball python misses you.
You climb upwards.
A goblin comes into view. It is wielding a +0 dagger.
The goblin shouts!
Found 9 gold pieces.
There is a stone staircase leading down here.
You closely miss the ball python. The ball python barely misses you.
The ball python closely misses you. The ball python bites you.
* * * LOW HITPOINT WARNING * * *
The ball python grabs you.
You die...

... .. ..### .## . ...
.. # . ... .##.## ## ...
#.# .......# ##♣.
.....##S#..###...P#+#...
......g@...##>..........
....###.#........♣#.#P..
# #.. ..... ##.##♣. ##$.
.### #..<### ... #
####### .... #. #..## #.
..# ##


You could see a goblin and a ball python.

Vanquished Creatures
  A worm (D:2)
  A goblin (D:2)
  2 rats (D:2)
4 creatures vanquished.

Notes
Turn   | Place    | Note
-------+----------+-------------------------------------------
     0 | D:1      | mainiacjoe the Minotaur Gladiator began the quest for the
                  | Orb.
     0 | D:1      | Reached XP level 1. HP: 18/18 MP: 0/0
    61 | D:2      | Reached skill level 4 in Maces & Flails
   296 | D:1      | Slain by a ball python

Illustrated notes

Levels and vault maps discovered:
D:1:      sevenhm_arrival_forest_fort_small_4, layout_rooms, serial_shops, shop,
          grunt_decor_clamped, minmay_misc_feat_chi, minivault_26
D:2:      layout_basic, basic_altar, uniq_terence
D:3:      layout_basic, nicolae_overflow_quartered_altars,
          shapermc_ecumenical_altar_notcrosses, gammafunk_ghost_split

Skill      XL: |  1 |
---------------+----+-----
Maces & Flails | 4 |  4.1
Fighting       | |  2.4
Throwing       | |  2.0
Dodging        | |  3.2

Action                   || total
-------------------------++-------
Melee: Flail             ||     8
       Headbutt          ||     1
Armor: Leather armour    ||     4
Dodge: Dodged            ||    19
